 Dungeon Crawl Stone Soup version 0.27-a0-1448-g9c78c815f3 (webtiles) character file.

Game seed: 1817688993108373383

0 Animzor the Sneak (level 1, -2/18 HPs)
             Began as a Barachi Delver on July 5, 2021.
             Slain by a wyvern zombie (15 damage)
             ... on level 6 of the Dungeon.
             The game lasted 00:01:38 (50 turns).

Animzor the Sneak (Barachi Delver)                    Turns: 50, Time: 00:01:41

Health: -2/18      AC:  3    Str: 13    XL:     1   Next: 0%
Magic:  1/1        EV: 12    Int: 10    God:
Gold:   0          SH:  0    Dex: 13    Spells: 0/0 levels left

rFire    . . .     SeeInvis .   a - +0 falchion
rCold    . . .     Faith    .   (no shield)
rNeg     . . .     Spirit   .   b - +0 leather armour
rPois    .         Reflect  .   (no helmet)
rElec    .         Harm     .   (no cloak)
rCorr    .         Rampage  .   (no gloves)
Will     .....                  (no boots)
Stlth    ++........             (no amulet)
HPRegen  0.06/turn              (no ring)
MPRegen  0.07/turn              (no ring)

@: slow
A: amphibious, slowness 1, strong legs 1, +LOS
a: Hop


You were on level 6 of the Dungeon.
You visited 1 branch of the dungeon, and saw 2 of its levels.

Inventory:

Hand Weapons
 a - a +0 falchion (weapon)
Armour
 b - a +0 leather armour (worn)
Wands
 e - a wand of polymorph (6) (quivered)
 g - a wand of digging (3)
Scrolls
 c - a scroll of fog
 d - a scroll of magic mapping
Potions
 f - a potion of haste


   Skills:
 + Level 3.6 Fighting
 + Level 2.4 Long Blades
 + Level 2.1 Dodging
 + Level 4.5 Stealth


You couldn't memorise any spells.
You didn't know any spells.
Your spell library was empty.

Dungeon Overview and Level Annotations

Branches:
Dungeon (6/15)
 Temple: D:4-7

Altars:

Shops:
D:5 *

Annotations:
D:6 Eustachio


Innate Abilities, Weirdness & Mutations

You are amphibious.
You cover ground slowly.
You can hop short distances.
You have an extended range of vision and can be seen from far away.


Message History

A translucent stone wall.
There is a stone staircase leading down here.
You climb downwards.
You hear the sound of rushing water.
There is an entrance to a sewer on this level.
Hurry and find it before the portal rusts away! 5 orcs and Eustachio come into view.
Eustachio is wielding a +0 rapier and wearing a +0 leather armour of fire resistance.
The orc shouts! x2; You hear an angry hiss.
Found 10 gold pieces and 19 bolts.
There is a stone staircase leading up here.
As you read the scroll of fear, it crumbles to dust.
You assume a fearsome visage.
Eustachio looks frightened!
Eustachio shouts!
The orc looks frightened! x2
The orc shouts!
The orc looks frightened! x3
Eustachio mumbles some strange words.
Eustachio blinks!
Eustachio casts a spell.
Eustachio blinks!
Found a worn fluorescent wand.
Found 2 large rocks.
Found a stone staircase leading down.
Found a leather armour.
e - a wand of polymorph (7)
There are no items here.
A wyvern zombie comes into view.
The wyvern zombie bites you.
The wyvern zombie bites you but does no damage.
You hit the wyvern zombie but do no damage.
The wyvern zombie bites you.
The wyvern zombie bites you but does no damage.
You barely miss the wyvern zombie. The wyvern zombie bites you.
Aiming: Polymorph
Press: ? - help, Q - select action, (/) - cycle Shift-Dir - straight line, f - wyvern zombie
Aim: a wyvern zombie (not susceptible)
The wyvern zombie is unaffected.
The wyvern zombie bites you!
Ouch! That really hurt!
You die...

###### ## .....
..# #..###..#
#.#.@Z.#
#.#..### #
##....#
...#...#.#
#......#.##### .
.....#.......#
..
.....#.......#
...............#
##.....###.#####


You could see a wyvern zombie.

Vanquished Creatures (others)
  A plant (D:5)
1 creature vanquished.

Notes
Turn   | Place    | Note
-------+----------+-------------------------------------------
     0 | D:5      | Animzor the Barachi Delver began the quest for the Orb.
     0 | D:5      | Reached XP level 1. HP: 18/18 MP: 1/1
    10 | D:5      | Noticed an orc priest
    11 | D:6      | Noticed Eustachio
    45 | D:6      | Noticed a wyvern zombie
    50 | D:6      | Slain by a wyvern zombie

Illustrated notes

Levels and vault maps discovered:
D:5:      layout_basic, trog_wizard, minmay_temple_entry_overgrown,
          serial_shops, nicolae_take_the_stairs,
          hangedman_decor_clover_reticule, chequers_jeans,
          kennysheep_big_empty_room, minmay_misc_feat_pillars,
          minmay_diced_spiral, uniq_grinder
D:6:      layout_rooms, lemuel_round_altar, cheibrodos_sewer_entry_sluice,
          uniq_eustachio

Action                   || total
-------------------------++-------
Melee: Falchion          ||     2
Evoke: Wand              ||     1
  Use: Scroll            ||     1
Armor: Leather armour    ||     2

Table legend: (Time is in decaauts)
 A = Elapsed time spent in this place.
 B = Non-inter-level travel time spent in this place.
 C = Inter-level travel time spent in this place.
 D = Time resting spent in this place.
 E = Time spent auto-exploring this place.
 F = Levels seen in this place.
 G = Mean time per level.
                   A        B        C        D        E       F      G
               +--------+--------+--------+--------+--------+-----+--------+
         Total |     58 |     58 |      0 |      0 |      0 |   2 |   29.0 |
       Dungeon |     58 |     58 |      0 |      0 |      0 |   2 |   29.0 |
               +--------+--------+--------+--------+--------+-----+--------+

Top non-repeatable levels by time:
     D:6: 45 daAuts
     D:5: 13 daAuts
